 Dungeon Sprint DCSS version 0.21-a0-260-g9b2435e (webtiles) character file.

83 Kidiri the Sneak (level 4, -1/23 HPs)
             Began as a Spriggan Enchanter on Sept 7, 2017.
             Was an Initiate of Dithmenos.
             Killed by divine providence
             ... invoked by an oklob sapling priest
              (14 damage)
             ... in the Dungeon (Sprint IV: "Fedhas' Mad Dash").
             The game lasted 00:02:43 (932 turns).

Kidiri the Sneak (Spriggan Enchanter)                Turns: 932, Time: 00:02:44

Health: -1/23      AC:  2    Str:  4    XL:     4   Next: 22%
Magic:  2/11       EV: 21    Int: 16    God:    Dithmenos [......]
Gold:   72         SH:  0    Dex: 17    Spells: 0/12 levels left

rFire    . . .     SeeInvis +   a - +1 dagger
rCold    . . .     Gourm    .   (shield restricted)
rNeg     . . .     Faith    .   b - +0 robe
rPois    .         Spirit   .   (helmet restricted)
rElec    .         Reflect  .   (no cloak)
rCorr    .         Harm     .   (gloves unavailable)
MR       .....     NoTele   +   (boots unavailable)
Stlth    ++++......             e - amulet of invisibility {+Inv}
HPRegen  0.07/turn              (no ring)
MPRegen  0.12/turn              (no ring)

@: very slightly contaminated, very quick
A: unfitting armour, see invisible, herbivore 3, speed 3, slow metabolism 2
a: Renounce Religion, Evoke Invisibility


You were in the Dungeon.
You worshipped Dithmenos.
Dithmenos was noncommittal.
You were not hungry.

You visited 1 branch You collected 72 gold pieces.

Inventory:

Hand Weapons
 a - a +1 dagger (weapon)
Armour
 b - a +0 robe (worn)
Jewellery
 e - the amulet of invisibility (around neck) {+Inv}
   (You found it in the Dungeon)

   [amulet of nothing]

   It lets you turn invisible.
Scrolls
 j - a scroll of blinking
Potions
 f - a potion of heal wounds
 g - a potion of haste
 h - 2 potions of magic
 i - a potion of berserk rage
Books
 c - a book of Maledictions

   Spells                             Type                      Level
   a - Corona                         Hexes                        1
   b - Ensorcelled Hibernation        Hexes/Ice                    2
   c - Confuse                        Hexes                        3
   d - Tukima's Dance                 Hexes                        3
   e - Dazzling Spray                 Conjuration/Hexes            3
Comestibles
 d - 2 bread rations
 k - a royal jelly


   Skills:
 + Level 1.7 Fighting
 * Level 3.5 Short Blades
 + Level 1.5 Armour
 * Level 5.6 Dodging
 * Level 7.0 Stealth
 * Level 4.9 Spellcasting
 + Level 0.0 Conjurations
 + Level 4.6 Hexes
 + Level 1.3 Ice Magic


You couldn't memorise any spells.
You knew the following spells:

 Your Spells              Type           Power        Failure   Level  Hunger
a - Corona                Hex            ###....      2%          1    None
b - Ensorcelled Hibernat  Hex/Ice        ##....       7%          2    ##.....
c - Confuse               Hex            ###.....     7%          3    ###....
d - Tukima's Dance        Hex            ###.....     7%          3    ###....
e - Dazzling Spray        Conj/Hex       ##....       19%         3    ###....


Dungeon Overview and Level Annotations

Branches:
Dungeon (1/1)

Altars:
Cheibriados
Dithmenos
Elyvilon
Gozag
Hepliaklqana
Kikubaaqudgha
Makhleb
Nemelex Xobeh
Okawaru
Qazlal
Ru
Sif Muna
Trog
Uskayaw
Vehumet
Wu Jian
Xom
Yredelemnul
Zin
The Shining One
Beogh
Jiyva
Lugonu

Annotations:
D exclusion: oklob sapling


Innate Abilities, Weirdness & Mutations

You are very small and have problems with some larger weapons.
You are too small for most types of armour.
You have supernaturally acute eyesight. (SInv)
You are a herbivore.
You cover ground extremely quickly.
You need consume almost no food.


Message History

You miscast Dazzling Spray.
The light around you dims momentarily.
Casting: Dazzling Spray
Confirm with . or Enter, or press ? or * to list all spells.
Aiming: Dazzling Spray
Press: ? - help, Shift-Dir - straight line, f/p - oklob sapling priest
Aim: an oklob sapling priest (lightly damaged)
The spray of energy hits the oklob sapling priest.
The oklob sapling priest is lightly damaged.
Casting: Dazzling Spray
Confirm with . or Enter, or press ? or * to list all spells.
Aiming: Dazzling Spray
Press: ? - help, Shift-Dir - straight line, f/p - oklob sapling priest
Aim: an oklob sapling priest (lightly damaged, hasn't noticed you)
The spray of energy hits the oklob sapling priest.
The oklob sapling priest is lightly damaged.
You flicker back into view.
The oklob sapling priest invokes the aid of its god against you.
Something smites you!
Ouch! That really hurt!
You die...

#########################
....#.....#.⌠._._._._.⌠.#
(...'.#...'.._._@_._._..+
....#.#...#..._._P_._...#
########+##.._._._._._..#
+...#._._._._._.⌠.#
#...############### #####


You could see an oklob sapling priest.

Vanquished Creatures
  2 oklob saplings (D)
  A worker ant (D)
  A river rat (D)
  A rat (D)
5 creatures vanquished.

Notes
Turn   | Place    | Note
-------+----------+-------------------------------------------
     0 | D        | Kidiri the Spriggan Enchanter began the quest for the Orb.
     0 | D        | Reached XP level 1. HP: 9/9 MP: 5/5
    10 | D        | Reached skill level 5 in Stealth
    10 | D        | Reached XP level 2. HP: 14/14 MP: 7/7
    17 | D        | Learned a level 2 spell: Ensorcelled Hibernation
    21 | D        | Noticed an oklob sapling
   320 | D        | Killed an oklob sapling
   320 | D        | Reached skill level 1 in Fighting
   320 | D        | Reached skill level 1 in Armour
   320 | D        | Reached skill level 6 in Stealth
   320 | D        | Reached XP level 3. HP: 18/18 MP: 7/9
   325 | D        | Learned a level 3 spell: Confuse
   329 | D        | Learned a level 3 spell: Tukima's Dance
   341 | D        | Found the amulet of invisibility {+Inv}
   588 | D        | Reached skill level 5 in Dodging
   588 | D        | Reached skill level 1 in Ice Magic
   651 | D        | Noticed an oklob sapling
   654 | D        | Killed an oklob sapling
   654 | D        | Reached skill level 7 in Stealth
   654 | D        | Reached XP level 4. HP: 23/23 MP: 8/11
   670 | D        | Learned a level 3 spell: Dazzling Spray
   679 | D        | Found an opulent altar of Gozag.
   679 | D        | Found a hazy altar of Hepliaklqana.
   679 | D        | Found a roughly hewn altar of Beogh.
   679 | D        | Found a snail-covered altar of Cheibriados.
   680 | D        | Found a viscous altar of Jiyva.
   680 | D        | Found a burning altar of Makhleb.
   680 | D        | Found a sparkling altar of Nemelex Xobeh.
   680 | D        | Found a sacrificial altar of Ru.
   680 | D        | Found a deep blue altar of Sif Muna.
   680 | D        | Found a bloodstained altar of Trog.
   680 | D        | Found an ornate altar of the Wu Jian Council.
   680 | D        | Found a shimmering altar of Xom.
   680 | D        | Found a basalt altar of Yredelemnul.
   912 | D        | Found an iron altar of Okawaru.
   912 | D        | Found a shadowy altar of Dithmenos.
   912 | D        | Found a glowing silver altar of Zin.
   913 | D        | Found an ancient bone altar of Kikubaaqudgha.
   913 | D        | Found a hide-covered altar of Uskayaw.
   914 | D        | Found a stormy altar of Qazlal.
   914 | D        | Found a white marble altar of Elyvilon.
   914 | D        | Found a glowing golden altar of the Shining One.
   915 | D        | Found a corrupted altar of Lugonu.
   915 | D        | Found a radiant altar of Vehumet.
   920 | D        | Became a worshipper of Dithmenos the Shadowed
   932 | D        | Killed from afar by an oklob sapling priest

Vault maps used:
D:        dungeon_sprint_fedhas

Skill      XL: |  1  2  3 |
---------------+----------+-----
Stealth        | 5 6 7 |  7.0
Spellcasting   | 3 4 |  4.9
Fighting       | 1 |  1.7
Short Blades   | 2 3 |  3.5
Armour         | 1 |  1.5
Dodging        | 4 5 |  5.6
Hexes          | 4 |  4.6
Ice Magic      | 1 |  1.3

Action                   |  1- 3 |  4- 6 || total
-------------------------+-------+-------++-------
Melee: Dagger            |    10 |     4 ||    14
 Cast: Ensorcelled Hiber |     7 |       ||     7
       Confuse           |     1 |       ||     1
       Dazzling Spray    |       |     2 ||     2
 Abil: Evoke Invisibilit |     1 |     2 ||     3
  Use: Potion            |     1 |       ||     1
 Stab: Sleeping          |     3 |       ||     3
       Distracted        |     1 |       ||     1
Armor: Robe              |     1 |       ||     1
Dodge: Dodged            |     8 |       ||     8

Table legend:
 A = Spawn XP
 B = Non-spawn XP
 C = Spawn XP percentage of total XP
 D = Spawn monster count
 E = Non-spawn monster count
 F = Spawn count percentage of total count
 G = Total turns spent on level
                    A         B        C        D         E        F      G
               +---------+---------+-------+---------+---------+-------+---------
         Total |       0 |     119 |   0.0 |       0 |       5 |   0.0 |   932
               +---------+---------+-------+---------+---------+-------+---------
             D |       0 |     119 |   0.0 |       0 |       5 |   0.0 |   932
               +---------+---------+-------+---------+---------+-------+---------
